 Dungeon Crawl Stone Soup version 0.30.1-3-gfc49f6343a (webtiles) character file.

Game seed: 7085579813084403747

2265 booth the Trooper (level 9, -3/67 HPs)
             Began as a Djinni Fire Elementalist on July 24, 2023.
             Killed from afar by Maggie (12 damage)
             ... with a bolt of fire
             ... on level 7 of the Dungeon on July 25, 2023.
             The game lasted 00:57:18 (6738 turns).

booth the Trooper (Djinni Fire Elementalist)        Turns: 6738, Time: 00:57:18

Health: -3/67      AC:  8    Str:  9    XL:     9   Next: 65%
Gold:   305        EV: 13    Int: 19    God:
                   SH:  0    Dex: 14

rFire   + + .        c - +1 short sword (freeze)
rCold   x . .        (no shield)
rNeg    + . .        b - +2 leather armour {rN+}
rPois   ∞            (no helmet)
rElec   .            i - +1 cloak
rCorr   +            p - +0 pair of gloves
SInv    .            (boots unavailable)
Will    .....        (no amulet)
Stlth   +++          n - ring of resist corrosion
HPRegen 0.31/turn    (no ring)
MPRegen 0.00/turn

%: infuse magic (-4 HP)
@: flying
A: sickness immunity, fire resistance 2, cold vulnerability 1, float, innate
caster, HP casting, extra vitality 1
a: no special abilities


You were on level 7 of the Dungeon.
You visited 1 branch of the dungeon, and saw 7 of its levels.

You collected 305 gold pieces.

Inventory:

Hand Weapons
 c - a +1 short sword of freezing (weapon)
Missiles
 e - 2 curare-tipped darts (quivered)
 o - 3 boomerangs
Armour
 a - a +0 robe
 b - a +2 leather armour of positive energy (worn)
 i - a +1 cloak (worn)
 p - a +0 pair of gloves (worn)
Jewellery
 n - a ring of resist corrosion (left hand)
Wands
 q - a wand of iceblast (10)
 r - a wand of light (5)
Scrolls
 g - 2 scrolls of teleportation
 h - 3 scrolls of brand weapon
 j - a scroll of fear
 m - 2 scrolls of identify
 s - a scroll of enchant weapon
Potions
 d - a potion of lignification
 f - 2 potions of curing


   Skills:
 * Level 6.9 Fighting
 + Level 5.7 Dodging
 + Level 4.7 Stealth
 * Level 5.9 Spellcasting


You knew the following spells:

 Your Spells              Type           Power      Damage    Failure   Level
a - Foxfire               Conj/Fire      100%       2x1d9     1%          1
b - Scorch                Fire           56%        2d7       1%          2
c - Volatile Blastmotes   Fire/Tloc      56%        2d14      4%          3
d - Inner Flame           Hex/Fire       28%        N/A       4%          3
e - Flame Wave            Conj/Fire      28%        2d9       14%         4
f - Sting                 Tmut/Pois      100%       1d8       1%          1
g - Poisonous Vapours     Pois/Air       56%        N/A       1%          2
h - Vampiric Draining     Necr           28%        2d8       4%          3
i - Portal Projectile     Hex/Tloc       56%        N/A       4%          3
Your spell library was empty.

Dungeon Overview and Level Annotations

Branches:
Dungeon (7/15)             Temple (0/1) D:7

Altars:
Ru

Shops:
D:5 *   D:6 :

Annotations:
D:7 Maggie


Innate Abilities, Weirdness & Mutations

You are immune to sickness and miasma.
You are immune to poison.
Your flesh is very heat resistant. (rF++)
You are vulnerable to cold. (rC-)
You float through the air rather than walking.
You learn spells naturally, not from books.
Your magical power is your life essence.
You have superior vitality. (+4 MHP)


Message History

Deactivating autopickup; reactivate with Ctrl-A.
The magic dart hits you.
* * * LOW HITPOINT WARNING * * *
The orc wizard closely misses you.
The orc wizard attacks as you move away!
The orc wizard hits you but does no damage.
Something barely misses you.
You bump into the rock wall.
Something barely misses you.
The orc wizard gestures at you while chanting.
The puff of flame hits you but does no damage.
You resist.
Maggie gestures wildly while chanting.
Maggie attempts to bespell you!
You easily resist.
You hit something. You freeze something. Something hits you but does no damage.
The orc wizard barely misses you.
You bump into the rock wall.
You feel less confused. Something hits you but does no damage.
The orc wizard barely misses you.
You barely miss something.
You hear some strange, mumbled words.
A puff of flame appears from out of thin air!
The puff of flame hits you. You resist.
* * * LOW HITPOINT WARNING * * *
The orc wizard hits you with a +0 dagger.
* * * LOW HITPOINT WARNING * * *
The orc wizard casts a spell.
The orc wizard flickers and vanishes!
Casting: Scorch (safe; 1% risk of failure)
Confirm with . or Enter, or press ? or * to list all spells.
Flames lash the orc wizard.
You kill the orc wizard!
* * * LOW HITPOINT WARNING * * *
Something hits you.
* * * LOW HITPOINT WARNING * * *
Maggie mumbles the words to a spell, but in the wrong order.
Maggie casts a spell at you.
The bolt of fire hits something!!
Reactivating autopickup.
You feel a bit more experienced. The bolt of fire hits you! You resist.
You die...

.(#.85#####......#
#.$.###5# ##.####.
##.# #5# #.# #<
#.###.# #.# #.# #.
#....)####.# #.#
#. #o@o§§§# #.# #.
#)###### #.# #.
#)####### #.# #.
#@{.....# #.# #.
#######.# #.# ##
#.# #.# #.# #.#
#.# #.# #.####.#
#......# ########


You could see Maggie (empowered) and an orc.

Vanquished Creatures
  Pikel (D:7)
  Sigmund (D:2)
  A steam dragon (D:6)
  3 black bears
  An ice beast (D:5)
  3 phantoms
  3 scorpions
  3 jellies
  A hound (D:4)
  2 orc priests (D:3)
  Crazy Yiuf (D:3)
  A sleepcap (D:3)
  6 iguanas
  8 orc wizards
  8 gnolls
  8 adders
  2 worms
  4 dart slugs
  11 orcs
  5 endoplasms
  2 giant cockroaches
  7 goblins
  8 hobgoblins
  9 kobolds
  A quokka (D:5)
  6 ball pythons
  2 bats
  A frilled lizard (D:3)
  4 rats
113 creatures vanquished.

Vanquished Creatures (others)
  An orc wizard (D:7)
  207 foxfires
208 creatures vanquished.

Grand Total: 321 creatures vanquished

Notes
Turn   | Place    | Note
-------+----------+-------------------------------------------
     0 | D:1      | booth the Djinni Fire Elementalist began the quest for the
                  | Orb.
     0 | D:1      | booth set off with the following spells memorised: Foxfire,
                  | Scorch, Volatile Blastmotes, Inner Flame, Flame Wave.
     0 | D:1      | Reached XP level 1. HP: 15/15 MP: 0/0
    75 | D:1      | Reached XP level 2. HP: 22/22 MP: 0/0
   388 | D:1      | Reached skill level 1 in Fighting
   587 | D:1      | Reached XP level 3. HP: 27/27 MP: 0/0
   587 | D:1      | Learned a level 1 spell: Sting
  1232 | D:2      | Identified the +0 robe of Space {rPois}
  1812 | D:3      | Noticed Sigmund
  1831 | D:2      | Killed Sigmund
  1832 | D:2      | Reached skill level 2 in Fighting
  1832 | D:2      | Reached XP level 4. HP: 3/34 MP: 0/0
  1832 | D:2      | Reached XP level 5. HP: 3/39 MP: 0/0
  1832 | D:2      | Learned a level 2 spell: Poisonous Vapours
  1832 | D:2      | Reached XP level 6. HP: 4/45 MP: 0/0
  2143 | D:3      | Reached skill level 3 in Fighting
  2624 | D:3      | Found a runed translucent door.
  2625 | D:3      | Noticed Crazy Yiuf
  2635 | D:3      | Killed Crazy Yiuf
  3397 | D:3      | Reached XP level 7. HP: 27/50 MP: 0/0
  3397 | D:3      | Learned a level 3 spell: Vampiric Draining
  3656 | D:3      | HP: 2/51 [sleepcap (2)]
  3927 | D:4      | Reached skill level 4 in Fighting
  4315 | D:5      | Entered Level 5 of the Dungeon
  4315 | D:5      | Found a sacrificial altar of Ru.
  4350 | D:5      | Reached XP level 8. HP: 29/58 MP: 0/0
  4678 | D:5      | Reached skill level 5 in Fighting
  5415 | D:5      | Reached skill level 5 in Spellcasting
  5598 | D:5      | Found Noomat's General Store.
  5747 | D:6      | Reached skill level 5 in Dodging
  5801 | D:6      | Reached XP level 9. HP: 63/66 MP: 0/0
  5801 | D:6      | Learned a level 3 spell: Portal Projectile
  5884 | D:6      | Reached skill level 6 in Fighting
  5954 | D:6      | Found Vuoteleg's Book Shop.
  6683 | D:7      | Found a staircase to the Ecumenical Temple.
  6686 | D:7      | Noticed Pikel
  6715 | D:7      | Killed Pikel
  6720 | D:7      | Noticed Maggie
  6738 | D:7      | Killed from afar by Maggie

Illustrated notes

Levels and vault maps discovered:
D:1:      amcnicky_arrival_feature_with_door, layout_basic, chequers_arboretum,
          grunt_decor_resistance
D:2:      minmay_spotlight, layout_loops_cross, kennysheep_cluttered_room
D:3:      layout_loops_ring, uniq_crazy_yiuf_cottage, uniq_sigmund
D:4:      layout_basic, minmay_fractal_squares_5
D:5:      layout_basic, mainiacjoe_overflow_alcove_2, nicolae_ru_awakened_eye,
          serial_shops, nicolae_shop_real_fake_doors, roderic_serpentine_path,
          minmay_a_box_with_orc_wizards_in_it
D:6:      layout_basic, serial_shops, nicolae_book_shop_shelving
D:7:      layout_loops_ring, minmay_temple_entry_statues_pillars,
          hangedman_decor_riveting, uniq_pikel, uniq_maggie

Skill      XL: |  1  2  3  4  5  6  7  8  9 |
---------------+----------------------------+-----
Fighting       | 1 2 3 4 5 6 |  6.9
Stealth        | 2 3 4 |  4.7
Dodging        | 3 4 5 |  5.7
Spellcasting   | 3 4 5 |  5.9

Action                     |  1- 3 |  4- 6 |  7- 9 || total
---------------------------+-------+-------+-------++-------
  Melee: Short sword       |    33 |    49 |   123 ||   205
         Punch             |     1 |       |     2 ||     3
  Throw: Dart              |       |       |     3 ||     3
         Javelin           |       |       |     4 ||     4
         Boomerang         |       |       |     1 ||     1
   Cast: Foxfire           |    36 |    13 |    71 ||   120
         Scorch            |     1 |    11 |    31 ||    43
         Volatile Blastmot |     1 |     1 |       ||     2
         Poisonous Vapours |       |     4 |    27 ||    31
         Inner Flame       |       |       |     1 ||     1
         Portal Projectile |       |       |     1 ||     1
         Flame Wave        |       |       |     1 ||     1
    Use: Scroll            |     6 |     1 |     6 ||    13
         Potion            |     2 |       |     3 ||     5
 Armour: Robe              |     1 |       |       ||     1
         Leather armour    |     8 |    21 |    44 ||    73
  Dodge: Dodged            |    15 |    28 |    92 ||   135
